 Dungeon Crawl Stone Soup version 0.26-a0-651-gb41185065b (webtiles) character file.

Game seed: 9188775079749421355

429 Ozzies the Magician (level 6, -1/32 HPs)
             Began as a Deep Elf Earth Elementalist on Oct 5, 2020.
             Succumbed to a worker ant's poison
             ... on level 4 of the Dungeon.
             The game lasted 00:07:58 (3346 turns).

Ozzies the Magician (Deep Elf Earth Elementalist)   Turns: 3346, Time: 00:07:59

Health: -1/32      AC:  4    Str:  5    XL:     6   Next: 66%
Magic:  17/17      EV: 13    Int: 22    God:
Gold:   173        SH:  0    Dex: 15    Spells: 14/18 levels left

rFire    . . .     SeeInvis .   b - +0 dagger
rCold    . . .     Faith    .   (no shield)
rNeg     . . .     Spirit   .   c - +0 robe
rPois    .         Reflect  .   (no helmet)
rElec    .         Harm     .   r - +0 cloak
rCorr    .         Rampage  .   x - +0 pair of gloves
MR       .....                  (no boots)
Stlth    ++........             e - amulet of regeneration (curse)
HPRegen  0.50/turn              (no ring)
MPRegen  0.15/turn              (no ring)

@: lethally poisoned (-1 -> -6)
A: no striking features
a: no special abilities


You were on level 4 of the Dungeon.
You visited 1 branch of the dungeon, and saw 4 of its levels.

You collected 173 gold pieces.

Inventory:

Hand Weapons
 b - a +0 dagger (weapon)
Missiles
 a - 9 sling bullets
Armour
 c - a +0 robe (worn)
 r - a +0 cloak (worn)
 x - a +0 pair of gloves (worn)
Jewellery
 e - a cursed amulet of regeneration (around neck)
Wands
 j - a wand of random effects (20)
 n - a wand of iceblast (8)
Scrolls
 g - 2 scrolls of teleportation {unknown}
 h - a scroll of fear {unknown}
 i - 4 scrolls of identify {unknown}
 k - a scroll of remove curse {unknown}
 m - a scroll of magic mapping {unknown}
 o - 2 scrolls of fog {unknown}
 q - a scroll of immolation {unknown}
 u - 2 scrolls of enchant weapon {unknown}
 w - 2 scrolls of amnesia {unknown}
Potions
 d - 2 potions of curing {unknown}
 f - 2 potions of degeneration {unknown}
 l - a potion of lignification {unknown}
 p - a potion of brilliance {unknown}
 s - a potion of might {unknown}
 t - a potion of ambrosia {unknown}
 v - a potion of magic {unknown}


   Skills:
 - Level 3.0 Dodging
 - Level 3.0 Stealth
 + Level 6.5 Spellcasting
   Level 1.1 Transmutations
 * Level 6.3 Earth Magic


You had 14 spell levels left.
You knew the following spells:

 Your Spells              Type           Power        Failure   Level
a - Sandblast             Erth           #####.       1%          1
b - Stone Arrow           Conj/Erth      ###...       7%          3

Your spell library contained the following spells:

 Spells                   Type           Power        Failure   Level
 Passwall                 Tmut/Erth      ###.....     2%          2
 Lee's Rapid Deconstruct  Erth           #####.....   17%         5
 Petrify                  Tmut/Erth      ###.....     19%         4


Dungeon Overview and Level Annotations

Branches:
Dungeon (4/15)
 Temple: D:4-7

Altars:
Gozag
Qazlal
Trog
Uskayaw


Message History

You kill the quokka!
The ball python bites you but does no damage.
The ball python barely misses you.
You hit the ball python but do no damage.
The ball python misses you. x2; The ball python barely misses you. x2
You hit the ball python.
The ball python is moderately wounded.
The ball python completely misses you. The ball python misses you.
You hit the ball python.
The ball python is severely wounded.
The ball python bites you but does no damage.
The ball python closely misses you.
You closely miss the ball python.
The ball python is severely wounded.
The ball python closely misses you. x2
You hit the ball python.
You kill the ball python!
No target in view!
No target in view!
No target in view!
No target in view!
No target in view!
A worker ant is nearby!
A worker ant is nearby!
A worker ant is nearby!
There is an open door here.
The worker ant twitches its antennae in your direction.
You hit the worker ant.
The worker ant is lightly wounded.
The worker ant barely misses you. The worker ant bites you.
You hit the worker ant.
The worker ant is moderately wounded.
The worker ant bites you!
You hit the worker ant.
The worker ant is moderately wounded.
The worker ant misses you.
You hit the worker ant.
The worker ant is severely wounded.
The worker ant bites you.
You are poisoned.
The worker ant poisons you!
You are too injured to fight recklessly!
You are too injured to fight recklessly!
You are too injured to fight recklessly!
You are too injured to fight recklessly!
You are too injured to fight recklessly!
You are too injured to fight recklessly!
You are too injured to fight recklessly!
You are too injured to fight recklessly!
You are too injured to fight recklessly!
You are too injured to fight recklessly!
You hit the worker ant but do no damage.
The worker ant is severely wounded.
You feel sick.
The worker ant bites you but does no damage.
You hit the worker ant.
The worker ant is severely wounded.
You feel sick. The worker ant closely misses you. The worker ant bites you.
You are more poisoned.
The worker ant poisons you!
You hit the worker ant but do no damage.
The worker ant is severely wounded.
You feel sick. The worker ant bites you.
* * * LOW HITPOINT WARNING * * *
You hit the worker ant.
The worker ant is severely wounded.
You feel sick. The worker ant closely misses you.
You hit the worker ant but do no damage.
The worker ant is severely wounded.
You feel sick. The worker ant barely misses you.
You hit the worker ant but do no damage.
The worker ant is severely wounded.
You feel sick. The worker ant closely misses you.
You hit the worker ant but do no damage.
The worker ant is severely wounded.
You feel sick. The worker ant bites you.
* * * LOW HITPOINT WARNING * * *
You are lethally poisoned!
The worker ant poisons you! The worker ant bites you.
* * * LOW HITPOINT WARNING * * *
You closely miss the worker ant.
The worker ant is severely wounded.
* * * LOW HITPOINT WARNING * * *
You feel sick. The worker ant closely misses you.
You hit the worker ant but do no damage.
The worker ant is severely wounded.
* * * LOW HITPOINT WARNING * * *
You feel sick.
The worker ant bites you but does no damage.
You hit the worker ant but do no damage.
The worker ant is severely wounded.
* * * LOW HITPOINT WARNING * * *
You feel sick. The worker ant misses you.
You hit the worker ant but do no damage.
The worker ant is severely wounded.
* * * LOW HITPOINT WARNING * * *
You feel sick. The worker ant closely misses you.
You hit the worker ant but do no damage.
The worker ant is severely wounded.
You die...

......###+###
#####..............#
....'..............#
....#..............#
....#..............#
....#..............#
....#..............#
....#...........a..#
#####...........@..#
......##########'###
......#...........#
......#.......†...#
<.....#...........#
......#...........#
......#..##.##....#
######## #####....#
#........#


You could see a worker ant.

Vanquished Creatures
  An ogre (D:4)
  A jelly (D:2)
  Crazy Yiuf (D:3)
  An orc priest (D:4)
  An orc wizard (D:3)
  Terence (D:3)
  2 worker ants (D:4)
  6 adders
  An adder skeleton (D:4)
  3 worms
  4 dart slugs
  2 leopard geckos
  8 orcs
  A ball python (D:4)
  7 bats
  4 giant cockroaches
  5 goblins
  7 hobgoblins
  4 jackals (D:1)
  3 quokkas
  2 frilled lizards
  5 kobolds
  2 quokka skeletons (D:4)
  8 rats
80 creatures vanquished.

Vanquished Creatures (others)
  A fungus (D:3)
1 creature vanquished.

Grand Total: 81 creatures vanquished

Notes
Turn   | Place    | Note
-------+----------+-------------------------------------------
     0 | D:1      | Ozzies the Deep Elf Earth Elementalist began the quest for
                  | the Orb.
     0 | D:1      | Reached XP level 1. HP: 10/10 MP: 6/6
   113 | D:1      | Reached XP level 2. HP: 15/15 MP: 4/8
   906 | D:2      | Reached XP level 3. HP: 19/19 MP: 7/10
  1233 | D:2      | Found a hide-covered altar of Uskayaw.
  1296 | D:2      | Reached XP level 4. HP: 22/24 MP: 7/12
  1381 | D:2      | Learned a level 3 spell: Stone Arrow
  1619 | D:3      | Reached skill level 5 in Spellcasting
  1619 | D:3      | Reached XP level 5. HP: 24/28 MP: 10/14
  1760 | D:3      | Noticed a moth of wrath
  1763 | D:3      | Found a bloodstained altar of Trog.
  1905 | D:3      | Reached skill level 5 in Earth Magic
  2008 | D:3      | Found a bloodstained altar of Trog.
  2159 | D:3      | Noticed Terence
  2165 | D:3      | Killed Terence
  2369 | D:3      | Found a runed translucent door.
  2370 | D:3      | Noticed Crazy Yiuf
  2615 | D:3      | Killed Crazy Yiuf
  2719 | D:4      | Reached XP level 6. HP: 9/32 MP: 12/17
  3153 | D:4      | Found a stormy altar of Qazlal.
  3285 | D:4      | Found an opulent altar of Gozag.
  3344 | D:4      | HP: 1/32 [poisoned by a worker ant]
  3346 | D:4      | Succumbed to a worker ant's poison

Illustrated notes

Levels and vault maps discovered:
D:1:      dpeg_arrival_boxorama, layout_basic
D:2:      layout_rooms, nicolae_overflow_hidden_temple,
          eat_drink_and_be_merry_uskayaw
D:3:      layout_loops_ring, tgw_trog, trog_three_pillars_becter,
          uniq_crazy_yiuf_cottage, uniq_terence
D:4:      layout_gridville, kennysheep_little_box, grunt_gozag_statues

Skill      XL: |  1  2  3  4  5  6 |
---------------+-------------------+-----
Stealth        | 3 |  3.0
Dodging        | 3 |  3.0
Spellcasting   | 4 5 6 |  6.5
Earth Magic    | 4 5 6 |  6.3
Transmutations | |  1.1

Action                   |  1- 3 |  4- 6 || total
-------------------------+-------+-------++-------
Melee: Dagger            |     1 |    38 ||    39
 Cast: Sandblast         |    49 |    66 ||   115
       Stone Arrow       |       |     8 ||     8
 Stab: Sleeping          |       |     1 ||     1
Armor: Robe              |       |    10 ||    10
Dodge: Dodged            |     9 |    50 ||    59

Table legend: (Time is in decaauts)
 A = Elapsed time spent in this place.
 B = Non-inter-level travel time spent in this place.
 C = Inter-level travel time spent in this place.
 D = Time resting spent in this place.
 E = Time spent auto-exploring this place.
 F = Levels seen in this place.
 G = Mean time per level.
                   A        B        C        D        E       F      G
               +--------+--------+--------+--------+--------+-----+--------+
         Total |   3352 |   3255 |     97 |      0 |   2858 |   4 |  838.0 |
       Dungeon |   3352 |   3255 |     97 |      0 |   2858 |   4 |  838.0 |
               +--------+--------+--------+--------+--------+-----+--------+

Top non-repeatable levels by time:
     D:3: 1144 daAuts
     D:1: 902 daAuts
     D:2: 655 daAuts
     D:4: 650 daAuts
